 Dungeon Crawl Stone Soup version 0.31-a0-325-g067879e3d3 (webtiles) character file.

Game seed: 17992679550224428384

117 AIAndy the Changeling (level 5, -2/34 HPs)
             Began as an Octopode Shapeshifter on July 18, 2023.
             Killed from afar by an orc wizard (9 damage)
             ... with a magic dart
             ... on level 4 of the Dungeon.
             The game lasted 00:03:33 (1711 turns).

AIAndy the Changeling (Octopode Shapeshifter)       Turns: 1711, Time: 00:03:33

Health: -2/34      AC:  1    Str: 16    XL:     5   Next: 1%
Magic:  5/5        EV: 13    Int: 16    God:
Gold:   124        SH:  0    Dex: 13    Spells: 4/4 levels left

rFire   x .          .
                       - Unarmed
rCold   + . .        (no shield)
rNeg    . . .        (helmet currently unavailable)
rPois   .            (no amulet)
rElec   .            I - +6 ring of intelligence
rCorr   .            C - ring of ice
SInv    .            (no ring)
Will    .....        (no ring)
Stlth   ++           (no ring)
HPRegen 0.25/turn    (no ring)
MPRegen 0.09/turn    (no ring)
                     (no ring)

%: no passive effects
@: beast-form
A: beast (slay +2), almost no armour, amphibious, 8 rings, camouflage 1,
gelatinous body 1, (nimble swimmer 1), tentacles
a: Begin Untransformation


You were on level 4 of the Dungeon.
You were a hulking beast.
You visited 1 branch of the dungeon, and saw 4 of its levels.

You collected 124 gold pieces.


Innate Abilities, Weirdness & Mutations

You are a hulking beast.
Your limbs bulge with bestial killing power. (Slay +2)
You cannot wear most types of armour.
You are amphibious.
You can wear up to eight rings at the same time.
Your skin changes colour to match your surroundings (Stealth+).
Your rubbery body absorbs attacks. (AC +1, EV +1)
((You are camouflaged when in or above water. (Stealth+)))
You have tentacles for arms and can constrict up to eight enemies at once.


   Skills:
 - Level 2.0 Fighting
 - Level 2.0 Dodging
 + Level 3.8 Unarmed Combat
 + Level 4.0 Shapeshifting


You had 4 spell levels left.
You didn't know any spells.
Your spell library contained the following spells:

 Spells                   Type           Power      Damage    Failure   Level
 Blink                    Tloc           0%         N/A       36%         2
 Manifold Assault         Tloc           0%         N/A       94%         4
 Summon Forest            Summ/Tloc      0%         N/A       100%        5
 Summon Mana Viper        Hex/Summ       0%         N/A       100%        5
 Summon Cactus Giant      Summ           0%         N/A       100%        6

Inventory:

Jewellery
 C - a ring of ice (right tentacle)
 I - a +6 ring of intelligence (left tentacle)
Talismans
 b - a beast talisman
Scrolls
 d - 2 scrolls of vulnerability {unknown}
 e - 3 scrolls of identify {unknown}
 k - a scroll of teleportation {unknown}
 m - a scroll of silence {unknown}
 n - a scroll of immolation {unknown}
 o - a scroll of poison {unknown}
 p - 3 scrolls of torment {unknown}
 r - a scroll of blinking {unknown}
Potions
 a - 2 potions of lignification {!q}
 c - a potion of might {unknown}
 f - a potion of enlightenment {unknown}
 g - a potion of mutation {unknown}
 h - a potion of curing {unknown}
 i - a potion of degeneration {unknown}
 j - a potion of invisibility {unknown}
 l - a potion of heal wounds {unknown}
 q - a potion of ambrosia {unknown}

Dungeon Overview and Level Annotations

Branches:
Dungeon (4/15)
 Temple: D:4-7

Altars:

Annotations:
D:3 Sigmund

### ## ..## .. . #.#. .#
#.####...## ##.# ....#. ..#
#.. #...##.# #.#
####......####.###
......o...).o....#####
.....##...h{w..#.....#####.
### ######.#...........w.
####...#####+######
#[......# ...#####.# ##
###..# #..<.+ #..#### #..#


You could see a worm and 2 orcs.


Message History

You closely miss the hobgoblin. You grab the hobgoblin.
The hobgoblin is heavily wounded.
You constrict the hobgoblin.
You kill the hobgoblin!
You tentacle-slap the jelly.
Your tentacles burn!
You squeeze the jelly!
The jelly is almost dead.
You tentacle-slap the jelly.
You kill the jelly!
You have reached level 4!
You tentacle-slap the jelly.
Your tentacles burn!
The jelly is moderately wounded.
An orc comes into view. It is wielding a +0 dagger.
The jelly hits you.
You are splashed with acid!
* * * LOW HITPOINT WARNING * * *
The orc shouts!
You tentacle-slap the jelly.
Your tentacles burn!
* * * LOW HITPOINT WARNING * * *
The jelly is heavily wounded.
The jelly barely misses you.
You bludgeon the jelly!
You kill the jelly!
Your Shapeshifting skill increases to level 4!
You have reached level 5!
You feel agile.
You bludgeon something! Something completely misses you.
You miss something.
You hear some strange, mumbled words.
A magic dart appears from out of thin air!
The magic dart hits you!
You die...

Skill      XL: |  1  2  3  4 |
---------------+-------------+-----
Unarmed Combat | 3 |  3.8
Shapeshifting  | 4 |  4.0
Fighting       | |  2.0
Dodging        | |  2.0

Action                     |  1- 3 |  4- 6 || total
---------------------------+-------+-------++-------
  Melee: Unarmed           |    77 |     5 ||    82
         Constrict         |    23 |       ||    23
         Tentacles         |    15 |       ||    15
         Punch             |     3 |       ||     3
   Stab: Sleeping          |     8 |       ||     8
 Armour: Skin              |     6 |       ||     6
  Dodge: Dodged            |    51 |     2 ||    53

Levels and vault maps discovered:
D:1:      sevenhm_arrival_forest_fort_large_4, layout_rooms,
          ebering_ecumenical_altar_webs
D:2:      layout_basic
D:3:      layout_loops_cross, serial_shops, nicolae_shop_tiny_real_fake_doors,
          uniq_sigmund
D:4:      layout_rooms, mainiacjoe_overflow_24_doors, gup_sewer_entry_glass,
          minmay_crystal_water, minmay_fountain_box, uniq_eustachio

Notes
Turn   | Place    | Note
-------+----------+-------------------------------------------
     0 | D:1      | AIAndy the Octopode Shapeshifter began the quest for the
                  | Orb.
     0 | D:1      | Reached XP level 1. HP: 14/14 MP: 1/1
   190 | D:1      | Reached XP level 2. HP: 19/19 MP: 2/2
   387 | D:1      | Found a faded altar of an unknown god.
   645 | D:1      | Reached XP level 3. HP: 21/24 MP: 3/3
  1269 | D:3      | Reached skill level 3 in Unarmed Combat
  1328 | D:3      | Noticed Sigmund
  1507 | D:3      | Identified the +1 robe of Theory {rF++ SInv}
  1704 | D:4      | Reached XP level 4. HP: 26/29 MP: 4/4
  1707 | D:4      | Reached skill level 4 in Shapeshifting
  1707 | D:4      | Reached XP level 5. HP: 6/34 MP: 5/5
  1711 | D:4      | Killed from afar by an orc wizard

Vanquished Creatures
  2 jellies (D:4)
  A worm (D:3)
  2 dart slugs
  3 bats
  4 endoplasms
  A giant cockroach (D:1)
  4 goblins
  5 hobgoblins
  6 jackals
  4 kobolds
  A quokka (D:1)
  4 ball pythons
  2 frilled lizards (D:3)
  3 rats
42 creatures vanquished.

Table legend: (Time is in decaauts)
 A = Elapsed time spent in this place.
 B = Non-inter-level travel time spent in this place.
 C = Inter-level travel time spent in this place.
 D = Time resting spent in this place.
 E = Time spent auto-exploring this place.
 F = Levels seen in this place.
 G = Mean time per level.
                   A        B        C        D        E       F      G
               +--------+--------+--------+--------+--------+-----+--------+
         Total |   1705 |   1620 |     85 |      0 |   1233 |   4 |  426.2 |
       Dungeon |   1705 |   1620 |     85 |      0 |   1233 |   4 |  426.2 |
               +--------+--------+--------+--------+--------+-----+--------+

Top non-repeatable levels by time:
     D:1: 697 daAuts
     D:2: 579 daAuts
     D:3: 384 daAuts
     D:4: 44 daAuts

Table legend:
 A = Non-vault XP
 B = Vault XP
 C = Vault XP percentage of total XP
 D = Non-vault monster count
 E = Vault monster count
 F = Vault count percentage of total count
                 A         B        C        D         E       F
            +---------+---------+-------+---------+---------+-------
      Total |     168 |       0 |   0.0 |      42 |       0 |   0.0
            +---------+---------+-------+---------+---------+-------
        D:1 |      34 |       0 |   0.0 |      17 |       0 |   0.0
        D:2 |      14 |       0 |   0.0 |       8 |       0 |   0.0
        D:3 |      30 |       0 |   0.0 |      14 |       0 |   0.0
        D:4 |      90 |       0 |   0.0 |       3 |       0 |   0.0
            +---------+---------+-------+---------+---------+-------
